Map: Stasis LE

Players

epsilon - Winner!

  • Race: Protoss Protoss
  • League: Platinum
  • Spawn Location: 1:00

xaoc

  • Race: Terran Terran
  • League: Platinum
  • Spawn Location: 11:00

VOD

Have the link to the VOD?

Description

Time

  • Played on: Dec. 30, 2018, 2:03 p.m.
  • Length: 28:45
Show
View Real Time Build Order
Export as new Build Order

epsilon Protoss - Winner!

Build Orders:  

Get SALT Encoding   

  12  0:01  Probe  
  13  0:13  Probe  
  14  0:23  Probe  
  14  0:27  Pylon  
  15  0:36  Assimilator  
  15  0:43  Probe  
  16  0:50  Gateway  
  16  0:55  Probe  
  17  1:04  Probe  
  18  1:12  Probe  
  18  1:17  Gateway  
  19  1:22  Probe  
  20  1:28  Pylon  
  20  1:34  Probe  
  20  1:38  Cybernetics Core  
  21  1:45  Zealot  
  21  1:46  Probe  
  24  1:56  Warp Gate  
  24  1:59  Probe  
  25  2:07  Gateway  
  25  2:10  Zealot  
  27  2:31  Pylon  
  27  2:35  Probe  
  28  2:39  Forge  
  28  2:47  Probe  
  28  2:50  Assimilator  
  29  2:59  Probe  
  29  3:03  Gateway  
  30  3:11  Probe  
  31  3:23  Nexus, Probe  
  31  3:25  Stalker  
  34  3:35  Probe  
  34  3:36  Shield Battery  
  35  3:47  Photon Cannon  
  35  3:57  Assimilator, Probe  
  35  4:02  Assimilator  
  36  4:04  Stalker  
  36  4:09  Probe  
  39  4:13  Pylon  
  39  4:20  Pylon  
  39  4:32  Probe x2  
  41  4:40  Probe x2  
  41  4:41  Protoss Ground Weapons Level 1  
  43  4:50  Probe  
  44  4:56  Robotics Facility  
  44  4:58  Pylon  
  44  5:03  Pylon, Probe x2  
  46  5:11  Stalker  
  46  5:13  Probe, Sentry  
  50  5:15  Probe, Sentry  
  54  5:22  Probe  
  54  5:27  Probe  
  56  5:30  Probe  
  57  5:39  Probe  
  57  5:41  Probe  
  59  5:42  Photon Cannon  
  59  5:44  Photon Cannon  
  59  5:51  Probe  
  59  5:53  Probe  
  61  6:03  Probe  
  62  6:05  Robotics Bay  
  62  6:06  Probe  
  63  6:15  Probe  
  63  6:18  Probe  
  65  6:19  Nexus  
  65  6:25  Stalker x3  
  71  6:27  Probe  
  71  6:28  Sentry  
  74  6:57  Gateway  
  74  7:00  Gateway, Probe  
  74  7:01  Probe  
  76  7:03  Gateway  
  76  7:04  Stalker x2, Gateway  
  76  7:06  Pylon  
  80  7:12  Probe  
  80  7:13  Probe  
  82  7:20  Pylon  
  82  7:23  Colossus  
  82  7:26  Pylon  
  82  7:27  Protoss Ground Armor Level 1  
  88  7:36  Forge  
  88  7:37  Forge  
  88  7:45  Robotics Facility  
  88  7:53  Stalker x2  
  88  7:55  Zealot  
  94  8:00  Assimilator  
  94  8:01  Extended Thermal Lance, Twilight Council  
  94  8:02  Assimilator, Probe x3  
  97  8:10  Colossus  
  97  8:14  Probe  
  97  8:15  Pylon  
  97  8:17  Pylon  
  104  8:37  Probe x3  
  107  8:43  Gateway  
  107  8:44  Gateway  
  107  8:46  Gateway  
  107  8:47  Shield Battery  
  107  8:49  Shield Battery, Probe x2  
  107  8:52  Photon Cannon  
  107  8:55  Photon Cannon  
  109  8:59  Probe x2  
  109  9:03  Probe  
  109  9:07  Probe x2  
  112  9:14  Colossus  
  112  9:15  Probe  
  112  9:16  Colossus  
  115  9:27  Charge  
  127  9:31  Protoss Ground Armor Level 2  
  127  9:35  Nexus  
  127  9:42  Protoss Shields Level 1  
  127  9:43  Protoss Ground Weapons Level 2  
  127  9:50  Pylon  
  127  9:52  Pylon  
  127  9:58  Pylon  
  127  9:59  Pylon  
  127  10:03  Stalker x3  
  127  10:04  Zealot  
  127  10:05  Sentry  
  127  10:06  Sentry  
  135  10:25  Stalker x2  
  135  10:26  Stalker x3  
  135  10:27  Stalker  
  147  10:44  Stalker x4  
  147  10:45  Stalker  
  157  10:52  Colossus  
  133  11:39  Protoss Ground Armor Level 3  
  133  11:40  Stalker, Protoss Shields Level 2  
  133  11:41  Stalker x3  
  133  11:42  Stalker x5  
  133  11:43  Stalker x2  
  133  11:45  Protoss Ground Weapons Level 3  
  155  11:57  Assimilator  
  155  11:58  Assimilator  
  155  11:59  Colossus x2  
  167  12:34  Nexus  
  167  12:40  Blink  
  167  12:44  Stalker x2  
  167  12:45  Stalker x3  
  167  12:46  Stalker, Zealot  
  167  12:47  Zealot x3  
  187  12:59  Pylon  
  187  13:03  Assimilator  
  187  13:04  Assimilator, Pylon  
  187  13:09  Colossus  
  187  13:10  Pylon  
  187  13:11  Colossus  
  187  13:17  Pylon  
  187  13:22  Pylon  
  187  13:25  Pylon  
  199  13:27  Pylon  
  199  13:57  Observer  
  152  14:37  Stalker x3  
  152  14:38  Stalker x4  
  116  14:39  Stalker  
  116  14:40  Stalker x3  
  92  15:09  Zealot x4  
  92  15:10  Zealot x5  
  92  15:11  Zealot x2  
  108  15:21  Gateway  
  108  15:22  Gateway  
  108  15:25  Gateway x2  
  108  15:26  Gateway  
  108  15:30  Colossus x2  
  108  15:32  Stalker x4  
  108  15:33  Stalker x6  
  140  15:54  Resonating Glaives  
  140  15:56  Robotics Facility  
  140  15:59  Robotics Facility  
  136  16:15  Colossus x2  
  136  16:22  Stalker x3  
  136  16:24  Zealot x5  
  136  16:25  Zealot x2  
  146  16:36  Colossus x2  
  104  16:41  Stalker  
  118  17:07  Zealot x3, Colossus x2  
  118  17:08  Zealot x5  
  130  17:09  Zealot  
  148  17:22  Colossus x2  
  124  17:42  Zealot  
  124  17:43  Zealot x6  
  124  17:44  Zealot x4  
  136  17:45  Colossus  
  136  17:47  Colossus  
  116  18:13  Colossus  
  116  18:14  Colossus  
  122  18:45  Stalker x3  
  122  18:46  Stalker x4  
  136  19:08  Nexus  
  136  19:09  Assimilator, Stalker x3  
  142  19:10  Assimilator, Stalker  
  142  19:11  Zealot  
  142  19:12  Zealot  
  104  19:58  Stalker x2  
  104  19:59  Stalker x2  
  106  20:00  Stalker  
  106  20:01  Stalker x3  
  106  20:02  Stalker  
  106  20:03  Stalker x2  
  120  20:10  Colossus  
  126  20:44  Colossus  
  126  20:50  Stalker x2  
  126  20:55  Nexus  
  136  20:59  Assimilator  
  136  21:00  Assimilator  
  136  21:03  Protoss Shields Level 3  
  136  21:08  Colossus  
  142  21:23  Zealot x4  
  150  21:49  Stalker x3  
  150  21:50  Stalker x3  
  162  22:16  Colossus x3  
  162  22:17  Colossus  
  126  22:43  Sentry x2  
  126  22:44  Sentry x3  
  134  23:04  Colossus x2  
  146  23:35  Stalker  
  146  23:36  Stalker x2  
  146  23:37  Stalker  
  146  23:38  Stalker x4, Colossus  
  146  23:39  Zealot x2  
  146  23:40  Zealot  
  168  23:42  Nexus  
  168  23:44  Assimilator  
  168  23:46  Assimilator  
  174  24:02  Observer, Colossus x3  
  174  24:07  Stargate  
  174  24:09  Stargate  
  192  24:18  Colossus  
  198  24:45  Pylon  
  198  24:46  Pylon  
  198  24:50  Pylon x2  
  172  25:11  Colossus  
  138  25:27  Stalker x4  
  128  25:28  Stalker  
  128  25:29  Zealot x3  
  128  25:30  Zealot  
  128  25:31  Zealot  
  140  25:50  Stalker x4  
  140  25:51  Stalker x3  
  140  25:52  Stalker x2  
  122  26:21  Stalker  
  122  26:22  Stalker x5  
  122  26:23  Stalker x2  
  122  26:24  Stalker x2  
  132  26:45  Stalker x5  
  132  26:46  Zealot x3  
  148  26:48  Zealot  
  148  26:49  Zealot x2  
  148  27:46  Stalker x6  
  148  27:47  Stalker x5  
  160  28:22  Nexus  
  136  28:32  Stalker x5  
  136  28:33  Nexus  
  162  28:35  Nexus  
Show
View Real Time Build Order
Export as new Build Order

xaoc Terran 

Build Orders:  

Get SALT Encoding   

  12  0:01  SCV  
  13  0:13  SCV  
  14  0:19  Supply Depot  
  14  0:26  Refinery  
  14  0:44  Barracks  
  14  0:45  SCV  
  15  0:57  SCV  
  16  1:11  SCV  
  17  1:23  SCV  
  18  1:35  SCV  
  19  1:42  Refinery  
  19  1:46  Factory  
  19  1:47  SCV  
  19  1:52  Barracks Reactor  
  20  1:54  Supply Depot  
  20  1:59  SCV  
  20  2:13  Orbital Command  
  20  2:39  Marine x2  
  20  2:40  Factory Tech Lab  
  20  2:42  Command Center  
  22  2:49  Refinery  
  22  3:07  Marine  
  23  3:15  Starport  
  23  3:16  SCV  
  24  3:25  Siege Tank  
  27  3:28  Marine  
  27  3:29  Marine  
  27  3:31  SCV  
  30  3:48  Barracks  
  30  3:51  SCV  
  30  3:53  Supply Depot  
  31  3:55  SCV  
  32  4:04  Engineering Bay  
  32  4:05  Medivac  
  32  4:08  SCV  
  35  4:16  Widow Mine  
  37  4:20  SCV  
  38  4:29  Marine  
  38  4:30  Marine  
  40  4:32  SCV  
  40  4:34  Engineering Bay  
  40  4:36  Starport Reactor  
  40  4:37  Barracks Tech Lab  
  41  4:43  SCV  
  41  4:45  Orbital Command  
  42  4:56  Combat Shield  
  42  5:01  Terran Infantry Weapons Level 1  
  42  5:05  SCV  
  43  5:11  SCV  
  44  5:17  SCV  
  45  5:24  SCV, Marauder  
  45  5:25  Missile Turret  
  48  5:29  SCV  
  49  5:36  Engineering Bay  
  49  5:37  Medivac  
  49  5:38  Marine  
  49  5:41  SCV  
  53  5:44  SCV  
  54  6:08  Supply Depot  
  54  6:09  Missile Turret  
  54  6:16  Supply Depot  
  54  6:19  Terran Infantry Armor Level 1  
  54  6:20  Command Center  
  54  6:21  Supply Depot  
  54  6:24  Armory  
  54  6:26  Stimpack  
  54  6:30  SCV x2  
  56  6:40  Siege Tank  
  56  6:42  SCV x2  
  63  6:47  Marauder  
  63  6:51  Barracks  
  63  6:53  Barracks  
  59  6:54  SCV, Medivac  
  64  6:59  Refinery  
  66  7:02  Refinery  
  66  7:03  SCV  
  66  7:06  SCV  
  68  7:18  SCV  
  69  7:27  Siege Tank  
  69  7:28  Marine x2  
  69  7:29  Marauder  
  76  7:33  Terran Infantry Weapons Level 2  
  76  7:58  Missile Turret  
  76  8:03  Orbital Command  
  76  8:06  SCV  
  76  8:09  Supply Depot  
  76  8:10  Supply Depot  
  77  8:18  SCV  
  80  8:20  Marauder, Barracks Tech Lab, Marine x2  
  80  8:21  Barracks Tech Lab  
  82  8:27  Factory  
  82  8:30  SCV  
  82  8:31  Barracks, Terran Infantry Armor Level 2  
  83  8:35  Barracks  
  83  8:39  Supply Depot  
  85  8:41  Marauder  
  85  8:45  Missile Turret  
  84  9:00  Marauder x2, Marine x2  
  84  9:01  Concussive Shells  
  92  9:03  Marauder  
  92  9:09  SCV  
  93  9:10  SCV  
  93  9:12  Terran Vehicle Weapons Level 1  
  94  9:21  SCV, Marauder  
  94  9:23  SCV  
  98  9:33  SCV  
  98  9:35  SCV  
  100  9:43  Factory Tech Lab  
  100  9:44  Supply Depot, Medivac  
  100  9:45  Supply Depot, Medivac  
  104  9:47  SCV, Marauder, Siege Tank  
  104  9:48  Marauder  
  104  9:50  Barracks Reactor x2  
  104  9:51  Marauder  
  104  9:52  Marine  
  114  9:53  Marine  
  116  10:09  Marauder  
  106  10:42  Siege Tank  
  108  10:43  Siege Tank  
  108  10:45  Marauder, Marine x3  
  108  10:46  Marine  
  108  10:47  Marauder x2  
  121  10:50  Terran Infantry Armor Level 3, Terran Infantry Weapons Level 3  
  121  10:52  Marine x2  
  121  10:55  Supply Depot  
  123  11:00  Missile Turret  
  103  11:14  Marauder x3  
  103  11:15  Marine x2  
  103  11:18  Marine x2  
  107  11:32  Siege Tank  
  110  11:35  Marauder x2  
  110  11:36  Marauder, Refinery x2  
  110  11:37  SCV x2  
  118  11:53  Sensor Tower  
  118  11:56  Supply Depot  
  118  11:57  Supply Depot  
  118  11:58  Supply Depot  
  118  12:14  Supply Depot  
  118  12:18  SCV x2  
  120  12:27  Command Center  
  120  12:30  SCV x2  
  122  12:42  SCV x2  
  122  12:43  Marauder x3, Marine  
  122  12:44  Marine x3  
  134  12:54  SCV x2  
  136  13:04  Marauder  
  136  13:05  Marauder  
  140  13:06  SCV x2, Marine x2  
  140  13:07  Siege Tank x2  
  140  13:10  Neosteel Armor  
  150  13:14  Supply Depot  
  150  13:18  SCV x2, Marauder  
  154  13:26  Marauder  
  156  13:38  Terran Vehicle Weapons Level 2  
  156  13:41  Missile Turret  
  156  13:42  Marauder x2  
  156  13:43  Siege Tank  
  156  13:47  Marauder  
  165  14:06  Missile Turret  
  165  14:07  Siege Tank  
  165  14:09  Marauder  
  170  14:16  Siege Tank  
  126  14:42  Marauder x3, Marine x3  
  129  15:03  Marauder  
  131  15:24  Marauder x2, Marine x2  
  131  15:25  Marauder, Siege Tank x2  
  131  15:26  Refinery  
  131  15:27  Medivac  
  147  15:37  Refinery  
  147  15:48  Marauder x3, Marine x2  
  155  16:00  SCV x2  
  157  16:09  Marauder  
  159  16:12  SCV x2  
  159  16:17  Terran Vehicle Weapons Level 3  
  152  16:35  Marauder  
  152  16:36  Marauder x2, Marine x5  
  135  16:53  Marine x2  
  137  16:57  Marauder x3  
  137  16:59  Medivac x2  
  147  17:02  SCV x2  
  147  17:08  Orbital Command  
  149  17:18  Marauder  
  90  17:52  Marauder x3, Marine x3  
  90  17:53  Marine x2  
  90  17:56  Marine  
  90  17:57  Siege Tank  
  90  17:58  Siege Tank  
  103  18:10  Marine  
  104  18:13  Marauder  
  104  18:14  Marauder x2  
  105  18:24  Marine x3  
  106  18:29  Viking  
  106  18:30  Viking  
  107  18:35  Marauder x3  
  106  18:48  Marine x5  
  102  18:49  Marine  
  102  18:50  Siege Tank x2  
  113  18:55  Factory  
  113  18:56  SCV, Marauder x3  
  113  18:57  Barracks, Factory  
  120  19:06  Marine  
  120  19:09  Marine  
  122  19:10  Marine  
  122  19:12  Medivac  
  122  19:17  Marauder  
  122  19:18  Marauder x2  
  122  19:22  Siege Tank  
  126  19:29  Marine x2  
  118  19:39  Marauder x3  
  91  19:54  Barracks Tech Lab, Marine x2  
  92  20:00  Marauder x2, Factory Tech Lab x2  
  92  20:01  Marauder  
  98  20:09  Viking x2  
  102  20:22  Marauder  
  104  20:30  Terran Vehicle And Ship Armor Level 1  
  104  20:39  Viking x2  
  104  20:40  Marauder x2  
  104  20:42  Marine x2  
  114  20:43  Marauder, Siege Tank  
  114  20:44  Marine x2, Siege Tank  
  114  20:45  Marine  
  125  20:50  Orbital Command  
  125  21:03  Siege Tank  
  128  21:30  Refinery  
  128  21:34  Refinery  
  128  21:42  Marauder x2, Marine  
  128  21:43  Marauder x2, Marine x2  
  128  21:44  Siege Tank x2  
  142  21:56  Marine  
  142  21:57  Marine x2  
  142  21:58  Siege Tank  
  142  21:59  Siege Tank  
  148  22:04  Marauder x3  
  154  22:22  Missile Turret  
  128  22:38  Marauder x4, Marine x3  
  128  22:41  Siege Tank x3  
  148  22:49  Siege Tank  
  148  22:59  Marauder x2  
  152  23:06  Marauder x2  
  156  23:14  Command Center  
  156  23:22  Marauder  
  155  23:47  Widow Mine  
  157  23:54  Supply Depot  
  157  23:55  Supply Depot  
  157  23:56  Supply Depot  
  157  23:57  Supply Depot  
  157  23:58  Supply Depot  
  157  24:15  Viking x2  
  157  24:16  Widow Mine  
  163  24:23  Missile Turret  
  163  24:27  SCV  
  164  24:35  Marauder  
  164  24:36  Marauder x3, Marine x2  
  164  24:37  Siege Tank  
  177  24:40  SCV  
  128  25:31  Marauder  
  128  25:32  Marauder x3, Marine x3  
  128  25:35  Viking x2  
  113  26:08  Marauder x2, Marine x2  
  113  26:09  Marauder x2, Marine x2  
  105  26:16  Marine x2  
  84  26:26  Marine  
  84  26:30  Marauder x4  
  73  26:41  Marine x2  
  73  26:42  Marine x2  
  75  26:48  Marine x2  
  75  26:49  Medivac  
  75  26:50  Medivac  
  75  26:51  Marauder x3  
  76  27:12  Marauder  
  76  27:13  Marauder x2  
  66  27:34  Marauder x3  
  66  27:35  Medivac x2  
  66  27:36  Siege Tank x2  
  72  27:38  Marine x2  
  64  27:55  Marauder x3  
  70  28:16  Marauder  
Tags
 
Add a new tag
Caveats
  • Supply blocks, unpowered buildings, or Contaminate may cause inaccurate times.
  • Supply counts are checked every 10 seconds.